 Dungeon Crawl Stone Soup version 0.27-a0-1189-gb8eb6cee8e (webtiles) character file.

Game seed: 10723576046788248165

94 polve the Shield-Bearer (level 4, -5/28 HPs)
             Began as a Gargoyle Fighter on May 22, 2021.
             Slain by Crazy Yiuf
             ... wielding a +4 quarterstaff of chaos
              (6 damage)
             ... on level 2 of the Dungeon.
             The game lasted 00:01:44 (2678 turns).

polve the Shield-Bearer (Gargoyle Fighter)          Turns: 2678, Time: 00:01:45

Health: -5/28      AC: 12    Str: 20    XL:     4   Next: 63%
Magic:  4/4        EV:  7    Int:  4    God:
Gold:   57         SH: 10    Dex: 13    Spells: 3/3 levels left

rFire    . . .     SeeInvis .   a - +0 flail
rCold    . . .     Faith    .   c - +0 kite shield
rNeg     + . .     Spirit   .   b - +0 scale mail
rPois    ∞         Reflect  .   m - +1 helmet of the Vanishing Heavens {Int-5 Dex+4}
rElec    +         Harm     .   (no cloak)
rCorr    .         Rampage  .   (no gloves)
Will     .....                  (no boots)
Stlth    ..........             (no amulet)
HPRegen  0.09/turn              (no ring)
MPRegen  0.09/turn              (no ring)

@: mighty, very slightly contaminated, invisible
A: sickness immunity, AC +3, negative energy resistance 1, electricity
resistance, torment resistance 1, petrification resistance
a: no special abilities


You were on level 2 of the Dungeon.
You visited 1 branch of the dungeon, and saw 2 of its levels.

You collected 57 gold pieces.

Inventory:

Hand Weapons
 a - a +0 flail (weapon)
Armour
 b - a +0 scale mail (worn)
 c - a +0 kite shield (worn)
 m - the +1 helmet of the Vanishing Heavens (worn) {Int-5 Dex+4}
   (You took it off Robin on level 2 of the Dungeon)

   It affects your intelligence (-5).
   It affects your dexterity (+4).
Scrolls
 e - a scroll of immolation {unknown}
 i - 2 scrolls of identify {unknown}
 k - a scroll of teleportation {unknown}
Potions
 f - a potion of magic {unknown}
 g - 2 potions of heal wounds {unknown}
 h - 3 potions of flight {unknown}
 j - 2 potions of cancellation {unknown}
 l - a potion of lignification {unknown}


   Skills:
 - Level 3.2 Fighting
 + Level 3.6 Maces & Flails
 - Level 3.2 Armour
 + Level 4.6 Shields


You had 3 spell levels left.
You didn't know any spells.
Your spell library was empty.

Dungeon Overview and Level Annotations

Branches:
Dungeon (2/15)

Altars:

Shops:
D:1 (

Annotations:
D:2 Crazy Yiuf


Innate Abilities, Weirdness & Mutations

You are immune to sickness and miasma.
Your stone body is resilient. (AC +3)
You are immune to poison.
You resist negative energy. (rN+)
You are resistant to electric shocks. (rElec)
You are resistant to unholy torment.
You are immune to petrification.


Message History

You see here a -3 dagger.
There is an open door here.
Key pressed, stopping explore.
Found a mace.
Found a runed translucent door.
Crazy Yiuf shouts!
You open the door. You open the door.
There is an open door here.
Could not explore, unopened runed door.
Could not explore, unopened runed door.
Could not explore, unopened runed door.
You feel very mighty all of a sudden.
You open the door. You completely miss Crazy Yiuf.
You block Crazy Yiuf's attack.
You sock Crazy Yiuf!
Crazy Yiuf is heavily wounded.
Crazy Yiuf hits you with a +4 quarterstaff of chaos!
You are confused.
Crazy Yiuf cries, "Tonal water light!"
Crazy Yiuf hits you with a +4 quarterstaff of chaos!
* * * LOW HITPOINT WARNING * * *
Crazy Yiuf freezes you.
* * * LOW HITPOINT WARNING * * *
You bump into the rock wall.
Crazy Yiuf barely misses you.
You bump into the rock wall.
Crazy Yiuf grits, "Citrus ladder toodlewoodle!"
Crazy Yiuf hits you but does no damage.
You fade into invisibility!
You are very lightly contaminated with residual magic.
You closely miss Crazy Yiuf.
Crazy Yiuf is heavily wounded.
Crazy Yiuf barely misses you.
You bump into the rock wall.
Crazy Yiuf hits you but does no damage.
You closely miss Crazy Yiuf.
Crazy Yiuf is heavily wounded.
You feel less confused.
Crazy Yiuf screams, "Gnoll Orb Guardian return to song!"
Crazy Yiuf hits you but does no damage.
Crazy Yiuf hits you with a +4 quarterstaff of chaos.
You die...

................................#
###.....##.#...##..#............#
.........#.#....................#
###......#.#.......##.....#.....#
.........################........
.......#.# #.#####.#
#.#......####### #)#####+#
#.#......#...#.### ### #.##.....
#.............#.@##...# #)##.....
#.##.#.......####g'...# #........
#.##.#...#..## ###..)# #........
.........#### ### #........
#.##.#.#.# #........ .......###
#+##..... #..#.....#######
###........ #..#.#.###.....#
#.#.##..... #..#.#.# #.....#
#.#.##.....


You could see Crazy Yiuf.

Vanquished Creatures
  Robin (D:2)
  An adder (D:2)
  5 ball pythons
  2 bats
  5 endoplasms
  A giant cockroach (D:1)
  14 goblins
  9 hobgoblins
  8 jackals
  5 quokkas
  3 frilled lizards
  5 kobolds
  5 rats
64 creatures vanquished.

Notes
Turn   | Place    | Note
-------+----------+-------------------------------------------
     0 | D:1      | polve the Gargoyle Fighter began the quest for the Orb.
     0 | D:1      | Reached XP level 1. HP: 14/14 MP: 1/1
   127 | D:1      | Reached XP level 2. HP: 19/19 MP: 2/2
   470 | D:1      | Reached XP level 3. HP: 20/23 MP: 3/3
   542 | D:1      | Reached skill level 4 in Shields
   818 | D:1      | Found Zariho's Weapon Shop.
  1716 | D:2      | Reached XP level 4. HP: 28/28 MP: 4/4
  1846 | D:2      | Identified the +1 helmet of the Vanishing Heavens {Int-5
                  | Dex+4}
  1846 | D:2      | Noticed Robin
  1898 | D:2      | Killed Robin
  2220 | D:2      | Found a faded altar of an unknown god.
  2563 | D:2      | Found a runed translucent door.
  2564 | D:2      | Noticed Crazy Yiuf
  2672 | D:2      | HP: 1/28 [Crazy Yiuf/+4 quarterstaff of chaos (4)]
  2678 | D:2      | Slain by Crazy Yiuf

Illustrated notes

Levels and vault maps discovered:
D:1:      nagdon_arrival_double_spiral, layout_basic, serial_shops, shop
D:2:      layout_basic, ebering_ecumenical_altar_rust, uniq_robin,
          uniq_crazy_yiuf_cottage

Skill      XL: |  1  2  3 |
---------------+----------+-----
Shields        | 4 |  4.6
Maces & Flails | 3 |  3.6
Fighting       | |  3.2
Armour         | |  3.2

Action                   |  1- 3 |  4- 6 || total
-------------------------+-------+-------++-------
Melee: Flail             |   123 |    76 ||   199
  Use: Potion            |       |     1 ||     1
Armor: Scale mail        |    78 |    53 ||   131
Dodge: Dodged            |    50 |    25 ||    75
Block: Kite shield       |    76 |    60 ||   136

Table legend: (Time is in decaauts)
 A = Elapsed time spent in this place.
 B = Non-inter-level travel time spent in this place.
 C = Inter-level travel time spent in this place.
 D = Time resting spent in this place.
 E = Time spent auto-exploring this place.
 F = Levels seen in this place.
 G = Mean time per level.
                   A        B        C        D        E       F      G
               +--------+--------+--------+--------+--------+-----+--------+
         Total |   2779 |   2705 |     74 |      0 |   2218 |   2 | 1389.5 |
       Dungeon |   2779 |   2705 |     74 |      0 |   2218 |   2 | 1389.5 |
               +--------+--------+--------+--------+--------+-----+--------+

Top non-repeatable levels by time:
     D:1: 1568 daAuts
     D:2: 1211 daAuts
